 Dungeon Crawl Stone Soup version 0.23.2-40-g277498a001 (webtiles) character file.

Game seed: 9019580447509105090

9455 favus the Cleaver (level 11, -1/94 HPs)
             Began as a Yellow Draconian Berserker on Sept 22, 2019.
             Was an Elder of Trog.
             Slain by a red devil
             ... wielding a +0 demon trident
             ... summoned by an orc sorcerer
             ... led by an orc knight
              (13 damage)
             ... on level 11 of the Dungeon.
             The game lasted 01:54:11 (12503 turns).

favus the Cleaver (Yellow Draconian Berserker)     Turns: 12503, Time: 01:54:14

Health: -1/94      AC:  9    Str: 21    XL:     11   Next: 23%
Magic:  12/12      EV: 15    Int:  8    God:    Trog [****..]
Gold:   583        SH:  0    Dex: 12    Spells: 10/10 levels left

rFire    . . .     SeeInvis +   q - +3 battleaxe (elec)
rCold    . . .     Gourm    .   (shield currently unavailable)
rNeg     . . .     Faith    .   (armour unavailable)
rPois    .         Spirit   .   E - +0 hat {SInv}
rElec    .         Reflect  .   v - scarf {repulsion}
rCorr    +         Harm     +   (no gloves)
MR       ++...                  C - +1 pair of boots
Stlth    ++........             m - amulet of harm
HPRegen  1.25/turn              c - +1 ring of slaying
MPRegen  0.13/turn              F - +1 ring of slaying

@: berserk cooldown, regenerating, slowed, drained, repel missiles, very slow
A: spit acid, unfitting armour, stinger 1, mutation resistance 1, wild magic 1,
cold-blooded, acid resistance, AC +7
a: Breathe Acid, Berserk, Trog's Hand, Brothers in Arms, Renounce Religion


You were on level 11 of the Dungeon.
You worshipped Trog.
Trog was greatly pleased with you.
You were full.

You visited 1 branch of the dungeon, and saw 12 of its levels.
You also visited: Ossuary.

You collected 583 gold pieces.

Inventory:

Hand Weapons
 a - a +0 falchion
 d - a +0 long sword
 q - a +3 battleaxe of electrocution (weapon)
 K - a +0 great sword
 O - a +1 bardiche of freezing
Missiles
 k - 364 stones (quivered)
 M - 8 silver tomahawks
Armour
 h - a +2 cloak
 v - a scarf of repulsion (worn)
 C - a +1 pair of boots (worn)
 E - a +0 hat of see invisible (worn)
 N - a +0 large shield
Jewellery
 c - a +1 ring of slaying (left hand)
 e - an uncursed ring of positive energy
 f - an uncursed ring of wizardry
 m - an amulet of harm (around neck)
 w - an uncursed ring of fire
 x - a -4 ring of strength
 z - an uncursed ring of protection from fire
 F - a +1 ring of slaying (right hand)
Wands
 g - a wand of digging (3)
 u - a wand of paralysis (6)
 A - a wand of clouds (7)
 B - a wand of random effects (12)
 G - a wand of iceblast (18)
Scrolls
 i - 5 scrolls of remove curse
 j - a scroll of vulnerability
 n - 5 scrolls of random uselessness
 r - 4 scrolls of identify
 s - 2 scrolls of amnesia
 y - 2 scrolls of teleportation
 D - a scroll of magic mapping
 I - a scroll of holy word
Potions
 l - a potion of brilliance
 o - 2 potions of cancellation
 p - 4 potions of lignification
 t - 2 potions of haste
 H - a potion of curing
 L - a potion of resistance
Miscellaneous
 J - a lightning rod (4/4)
Comestibles
 b - 9 rations


   Skills:
 + Level 8.0(7.1) Fighting
 + Level 8.3(7.4) Long Blades
 + Level 11.0(10.0) Axes
 + Level 3.3(2.5) Throwing
 + Level 6.7(5.9) Dodging
 + Level 4.1(3.4) Stealth
 + Level 2.3(1.6) Evocations


You had 10 spell levels left.
You didn't know any spells.
Your spell library contained the following spells:

 Spells                   Type           Power        Failure   Level  Hunger
 Animate Skeleton         Necr           N/A          50%         1    ##.....
 Pain                     Necr           #...         50%         1    ##.....
 Summon Small Mammal      Summ           #...         50%         1    ##.....
 Call Imp                 Summ           #.......     63%         2    ###....
 Corpse Rot               Necr           N/A          63%         2    ###....
 Sublimation of Blood     Necr           #.........   63%         2    ###....
 Call Canine Familiar     Summ           #.......     85%         3    ####...
 Regeneration             Chrm/Necr      #.........   85%         3    ####...
 Summon Guardian Golem    Hex/Summ       #.......     85%         3    ####...
 Vampiric Draining        Necr           #.........   85%         3    ####...
 Animate Dead             Necr           N/A          99%         4    #####..
 Summon Ice Beast         Ice/Summ       #.......     99%         4    #####..
 Summon Lightning Spire   Summ/Air       #.......     99%         4    #####..
 Agony                    Necr           #.......     100%        5    ######.
 Bolt of Draining         Conj/Necr      #.........   100%        5    ######.
 Dispel Undead            Necr           #.......     100%        5    ######.
 Excruciating Wounds      Chrm/Necr      #.........   100%        5    ######.
 Irradiate                Conj/Tmut      #.........   100%        5    ######.
 Hydra Form               Tmut           #.........   100%        6    #######
 Statue Form              Tmut/Erth      #........    100%        6    #######
 Dragon Form              Tmut           #.........   100%        7    #######


Dungeon Overview and Level Annotations

Branches:
Dungeon (12/15)            Temple (0/1) D:7            Lair (0/6) D:9
    Orc (0/2) D:10

Altars:
Dithmenos
Elyvilon
Makhleb
Qazlal
Ru
Trog

Annotations:
D:4 1 exclusion


Innate Abilities, Weirdness & Mutations

You can spit globs of acid.
Your golden yellow scales are hard. (AC +7)
You cannot fit into any form of body armour.
You are cold-blooded and may be slowed by cold attacks.
You are resistant to acid. (rCorr)
Your tail ends in a poisonous barb.
You are somewhat resistant to further mutation.
Your spells are a little harder to cast, but a little more powerful.


Message History

There isn't anything here!
Press: ? - help, v - describe, . - travel The floor.
Unknown command.
Your skin crawls.
You feel resistant to hostile enchantments.
An ogre comes into view. It is wielding a -2 giant club.
You hit the orc sorcerer.
The orc sorcerer is lightly wounded.
The orc sorcerer casts a spell at you. The bolt of negative energy hits you!!
You feel drained.
The red devil hits you from afar with a +0 demon trident!!
The orc sorcerer hits you but does no damage.
You slash the orc sorcerer!
The orc sorcerer is moderately wounded.
The red devil hits you from afar with a +0 demon trident!!
* * * LOW HITPOINT WARNING * * *
The orc sorcerer closely misses you.
The red devil hits you from afar with a +0 demon trident!
You die...

.#....#...#......# #.
'#....###'#......# #.
......>..........# #.
.................## #.
..................######## #.
...................##....##### #.
.............................####
############################...##
#.#.#.##...)...[@# # #....#
.......#.#######o# .# #....#
#.#.#.##.#.#(# #4# ..# #....#
.......#.#.ooo.#O#...# #....#
#.#.#.#).#..o..'.'.# #....#
.......#.#.....#.#.# #....#
#.#.#.##.#[#o#(#.#.# #....#
.......#.# # # #.# # #....#
#.#.#.##.. ..# #...##


You could see an orc sorcerer, a red devil and an ogre.

Vanquished Creatures
  Gastronok (D:8)
  Urug (D:10)
  An unseen horror (D:10)
  An orc sorcerer (D:11)
  Joseph (D:9)
  2 gargoyles
  Grinder (D:5)
  A wraith (D:12)
  Menkaure (D:4)
  An acid dragon (D:8)
  Duvessa (D:7)
  A swamp drake (D:10)
  3 ice beasts
  A phantom (D:6)
  5 ogres
  5 orc warriors
  2 black bears
  4 sky beasts
  A centaur (D:10)
  A crocodile (D:8)
  Blork the orc (D:5)
  8 bullfrogs
  Dowan (D:7)
  A scorpion (D:6)
  6 killer bees
  8 wights (D:10)
  2 howler monkeys
  2 crimson imps
  5 hounds
  A centaur skeleton (D:5)
  7 orc priests
  A human zombie (Ossuary)
  A jelly (D:7)
  2 bullfrog skeletons
  2 iguanas
  13 orc wizards
  5 worker ants
  2 big kobold zombies (Ossuary)
  A hound zombie (Ossuary)
  4 mummies (Ossuary)
  5 gnolls
  11 adders
  2 shadow imps
  An ooze (D:1)
  2 adder skeletons
  3 worms
  A dart slug (D:1)
  6 leopard geckos
  34 orcs
  2 giant cockroaches
  7 hobgoblins
  6 jackals
  2 quokkas
  A ball python (D:3)
  6 bats
  2 frilled lizards
  2 gnoll zombies (Ossuary)
  15 goblins
  2 goblin zombies (D:4)
  4 hobgoblin zombies (Ossuary)
  A jackal zombie (Ossuary)
  5 kobolds
  A leopard gecko skeleton (D:7)
  An orc zombie (Ossuary)
  9 rats
  A fungus (D:5)
  2 plants (D:5)
242 creatures vanquished.

Notes
Turn   | Place    | Note
-------+----------+-------------------------------------------
     0 | D:1      | favus the Draconian Berserker began the quest for the Orb.
     0 | D:1      | Reached XP level 1. HP: 19/19 MP: 1/1
   395 | D:1      | Reached XP level 2. HP: 21/27 MP: 2/2
   541 | D:1      | Reached XP level 3. HP: 32/33 MP: 3/3
  1160 | D:2      | Reached ** piety under Trog
  1228 | D:2      | Reached XP level 4. HP: 33/40 MP: 4/4
  1481 | D:2      | HP: 1/40 [cloud of flame (19)]
  1887 | D:4      | Noticed Menkaure
  1889 | D:4      | Found a sand-covered staircase.
  1897 | Ossuary  | Entered an ossuary
  1908 | Ossuary  | Reached XP level 5. HP: 24/46 MP: 5/5
  1918 | Ossuary  | Reached skill level 5 in Long Blades
  2593 | D:4      | Killed Menkaure
  2593 | D:4      | Reached XP level 6. HP: 22/53 MP: 6/6
  2911 | D:3      | Found a bloodstained altar of Trog.
  2924 | D:3      | Reached *** piety under Trog
  3182 | D:3      | Reached skill level 1 in Stealth
  3184 | D:3      | Found a burning altar of Makhleb.
  3550 | D:5      | Entered Level 5 of the Dungeon
  3687 | D:4      | Found a white marble altar of Elyvilon.
  3752 | D:4      | Your scales start taking on a golden yellow colour.
  3752 | D:4      | Reached XP level 7. HP: 51/60 MP: 7/7
  3752 | D:4      | Gained mutation: You are resistant to acid. (rCorr) [Yellow
                  | Draconian growth]
  4103 | D:4      | You fall through a shaft for 3 floors!
  4173 | D:6      | Found a shadowy altar of Dithmenos.
  4712 | D:5      | Noticed Blork the orc
  4726 | D:5      | Killed Blork the orc
  4729 | D:5      | Gained mutation: Your flesh is heat resistant. (rF+)
                  | [potion of mutation]
  4729 | D:5      | Gained mutation: Your spells are a little harder to cast,
                  | but a little more powerful. [potion of mutation]
  4729 | D:5      | Gained mutation: Your mind is acute. (Int +2) [potion of
                  | mutation]
  5049 | D:5      | Reached skill level 5 in Fighting
  5349 | D:5      | Found a sacrificial altar of Ru.
  5504 | D:5      | Reached XP level 8. HP: 68/68 MP: 8/8
  5548 | D:5      | Noticed Grinder
  5552 | D:5      | Paralysed by Grinder for 6 turns
  5562 | D:5      | Killed Grinder
  5562 | D:5      | Reached skill level 1 in Throwing
  5562 | D:5      | Reached skill level 5 in Dodging
  5743 | D:6      | Reached skill level 1 in Axes
  5743 | D:6      | Reached skill level 1 in Evocations
  6144 | D:6      | HP: 2/103 [something (6)]
  6146 | D:6      | Reached skill level 2 in Axes
  6581 | D:6      | Reached **** piety under Trog
  6747 | D:6      | Reached skill level 3 in Axes
  6778 | D:6      | Reached XP level 9. HP: 19/75 MP: 9/9
  7268 | D:7      | Found a staircase to the Ecumenical Temple.
  7405 | D:7      | Reached skill level 4 in Axes
  7541 | D:7      | Noticed Duvessa
  7549 | D:7      | Killed Duvessa
  7550 | D:7      | Noticed Dowan
  7558 | D:7      | Killed Dowan
  7620 | D:7      | Reached skill level 5 in Axes
  8201 | D:8      | Noticed Gastronok
  8217 | D:8      | Killed Gastronok
  8217 | D:8      | Reached skill level 8 in Axes
  8217 | D:8      | Reached XP level 10. HP: 34/84 MP: 9/11
  8228 | D:8      | Lost mutation: Your flesh is heat resistant. (rF+) [potion
                  | of mutation]
  8228 | D:8      | Lost mutation: Your mind is acute. (Int +2) [potion of
                  | mutation]
  8228 | D:8      | Gained mutation: You are somewhat resistant to further
                  | mutation. [potion of mutation]
  8228 | D:8      | Gained mutation: Your tail ends in a poisonous barb.
                  | [potion of mutation]
  9088 | D:8      | Found a bloodstained altar of Trog.
  9282 | D:9      | Noticed a gargoyle
  9502 | D:9      | Killed a gargoyle
  9502 | D:9      | Reached skill level 9 in Axes
  9695 | D:10     | Entered Level 10 of the Dungeon
  9713 | D:9      | Found a stormy altar of Qazlal.
  9757 | D:9      | Noticed Joseph
  9779 | D:9      | Killed Joseph
  9981 | D:9      | Found a staircase to the Lair.
 10322 | D:10     | Noticed an unseen horror
 10330 | D:10     | Killed an unseen horror
 10353 | D:10     | Noticed Urug
 10362 | D:10     | Killed Urug
 10362 | D:10     | Reached skill level 10 in Axes
 10758 | D:10     | Received a gift from Trog
 10810 | D:10     | Reached XP level 11. HP: 61/92 MP: 12/12
 10827 | D:10     | Found a staircase to the Orcish Mines.
 10941 | D:10     | Received a gift from Trog
 11576 | D:11     | Found a gate leading to a gauntlet.
 12098 | D:11     | Noticed an orc knight
 12098 | D:11     | Noticed an orc sorcerer
 12099 | D:11     | Noticed an orc sorcerer
 12113 | D:11     | Killed an orc sorcerer
 12118 | D:11     | Reached skill level 11 in Axes
 12503 | D:11     | Slain by a red devil

Skill      XL: |  1  2  3  4  5  6  7  8  9 10 11 |
---------------+----------------------------------+-----
Dodging        | 3 4 5 6 |  6.7
Fighting       | 4 5 6 7 8 |  8.0
Long Blades    | 4 5 6 7 8 |  8.3
Stealth        | 1 2 3 4 |  4.1
Throwing       | 1 2 3 |  3.3
Axes           | 3 8 10 11 | 11.0
Evocations     | 1 2 |  2.3

Action                   |  1- 3 |  4- 6 |  7- 9 | 10-12 || total
-------------------------+-------+-------+-------+-------++-------
Melee: Falchion          |    65 |   173 |    80 |       ||   318
       Tailslap          |    16 |    32 |    25 |    17 ||    90
       Battleaxe         |       |       |   136 |   170 ||   306
Throw: Stone             |       |    13 |    48 |    29 ||    90
Invok: Berserk           |       |       |       |     1 ||     1
       Trog's Hand       |       |       |       |     1 ||     1
Evoke: Wand              |       |       |     6 |    13 ||    19
  Use: Scroll            |     2 |     7 |     7 |     6 ||    22
       Potion            |       |    11 |     3 |     3 ||    17
 Stab: Sleeping          |       |     3 |     1 |     5 ||     9
  Eat: Ration            |       |     3 |     5 |     5 ||    13
Armor: Skin              |    26 |    58 |    60 |    44 ||   188
Dodge: Dodged            |    66 |   128 |   136 |   137 ||   467
       Deflected         |       |       |       |     7 ||     7
       Rpst.: Falchion   |    23 |    47 |    13 |       ||    83
